 Dungeon Crawl Stone Soup version 0.24-a0-250-g6074511 (webtiles) character file.

Game seed: 12533010050347426439

471 Borgoz the Cutter (level 7, 0/44 HPs)
             Began as a Kobold Gladiator on Apr 14, 2019.
             Slain by a phantom (5 damage)
             ... on level 4 of the Dungeon.
             The game lasted 00:04:46 (3698 turns).

Borgoz the Cutter (Kobold Gladiator)                Turns: 3698, Time: 00:04:47

Health: 0/44       AC:  4    Str: 13    XL:     7   Next: 31%
Magic:  7/7        EV: 18    Int: 10    God:
Gold:   158        SH:  0    Dex: 16    Spells: 6/6 levels left

rFire    . . .     SeeInvis .   g - +2 dagger (vamp)
rCold    . . .     Gourm    .   (shield restricted)
rNeg     . . .     Faith    .   b - +0 leather armour
rPois    .         Spirit   .   c - +0 helmet
rElec    .         Reflect  .   (no cloak)
rCorr    .         Harm     .   (no gloves)
MR       .....                  (no boots)
Stlth    +.........             q - amulet of magic regeneration
HPRegen  0.14/turn              o - ring of flight
MPRegen  0.35/turn              (no ring)

@: no status effects
A: small, carnivore
a: Evoke Flight


You were on level 4 of the Dungeon.
You were very full.

You visited 1 branch of the dungeon, and saw 4 of its levels.

You collected 158 gold pieces.

Inventory:

Hand Weapons
 a - a +0 rapier
 g - a +2 vampiric dagger (weapon)
Missiles
 d - a throwing net (quivered)
Armour
 b - a +0 leather armour (worn)
 c - a +0 helmet (worn)
Jewellery
 o - a ring of flight (left hand)
 q - an amulet of magic regeneration (around neck)
Wands
 j - a wand of random effects (15)
Scrolls
 e - a scroll of fog {unknown}
 h - a scroll of enchant armour {unknown}
 k - 3 scrolls of identify {unknown}
 n - 2 scrolls of teleportation {unknown}
 p - a scroll of noise {unknown}
 r - a scroll of remove curse {unknown}
 u - a scroll of immolation {unknown}
 v - a scroll of enchant weapon {unknown}
 w - a scroll of amnesia {unknown}
Potions
 i - a potion of curing {unknown}
 l - 2 potions of cancellation {unknown}
 m - a potion of might {unknown}
 s - a potion of heal wounds {unknown}
Comestibles
 f - 4 rations
 t - a chunk of flesh


   Skills:
 + Level 4.3 Fighting
 + Level 6.1 Short Blades
 - Level 2.1 Throwing
 + Level 2.7 Armour
 + Level 5.6 Dodging


You had 6 spell levels left.
You didn't know any spells.
Your spell library was empty.

Dungeon Overview and Level Annotations

Branches:
Dungeon (4/15)
 Temple: D:4-7

Altars:

Annotations:
D:3 2 transporters, Hylith's ghost, amateur FoFi


Innate Abilities, Weirdness & Mutations

You are small and have problems with some larger weapons.
You are carnivorous and can eat meat at any time.


Message History

The phantom misses you.
You hit the phantom but do no damage.
The phantom is severely damaged.
You hit the phantom.
The phantom is severely damaged.
The phantom blinks!
The phantom hits you but does no damage.
You hit the phantom.
The phantom is almost destroyed.
The phantom barely misses you.
You hit the phantom.
The phantom is almost destroyed.
You hit the phantom but do no damage.
The phantom is almost destroyed.
The phantom hits you!
* * * LOW HITPOINT WARNING * * *
You barely miss the phantom.
The phantom is almost destroyed.
The phantom hits you.
You die...

...# #..............#
#... #.............#
##...#####$...........#
...#.....#......###.#...
...#........>?#..#
####..
........รท.....##.# ##
..#..........# ...
#..........# ##.%
#....@.....# ...
#...W......# ..
#..........#
#...>......#
#...........#
....########### ...# ..#
##


You could see a phantom.

Vanquished Creatures
  Sigmund (D:3)
  A howler monkey (D:4)
  A crimson imp (D:3)
  A bullfrog skeleton (D:4)
  Natasha (thrice) (D:2)
  4 adders
  3 oozes
  A worm (D:2)
  2 dart slugs
  5 leopard geckos
  5 orcs (D:3)
  A ball python (D:3)
  3 giant cockroaches
  19 goblins
  4 hobgoblins
  8 jackals
  7 kobolds
  A quokka (D:2)
  5 bats
  A frilled lizard (D:3)
  5 rats
81 creatures vanquished.

Vanquished Creatures (others)
  4 plants (D:3)
4 creatures vanquished.

Grand Total: 85 creatures vanquished

Notes
Turn   | Place    | Note
-------+----------+-------------------------------------------
     0 | D:1      | Borgoz the Kobold Gladiator began the quest for the Orb.
     0 | D:1      | Reached XP level 1. HP: 12/12 MP: 1/1
    74 | D:1      | Reached XP level 2. HP: 16/18 MP: 2/2
   507 | D:1      | Reached XP level 3. HP: 17/22 MP: 3/3
   843 | D:2      | Reached skill level 1 in Armour
  1117 | D:2      | Reached XP level 4. HP: 20/27 MP: 4/4
  1504 | D:2      | Noticed Natasha
  1512 | D:2      | Killed Natasha
  1520 | D:2      | Reached XP level 5. HP: 25/32 MP: 5/5
  1628 | D:2      | Noticed Natasha
  1638 | D:2      | Killed Natasha
  1638 | D:2      | Reached skill level 5 in Short Blades
  2010 | D:2      | Noticed Natasha
  2024 | D:2      | Killed Natasha
  2917 | D:3      | Reached XP level 6. HP: 37/37 MP: 6/6
  2958 | D:3      | Noticed Sigmund
  2973 | D:3      | Killed Sigmund
  2973 | D:3      | Reached skill level 5 in Dodging
  3006 | D:3      | Reached XP level 7. HP: 29/43 MP: 7/7
  3065 | D:3      | Found a transporter.
  3174 | D:3      | Found a transporter.
  3185 | D:3      | Noticed Hylith's ghost (amateur FoFi)
  3185 | D:3      | Identified the +1 shield "Nosy" {rF- rC+ rCorr Str+4}
  3233 | D:3      | Reached skill level 6 in Short Blades
  3311 | D:3      | Found a faded altar of an unknown god.
  3698 | D:4      | Slain by a phantom

Levels and vault maps discovered:
D:1:      scummos_arrival_hexagon, layout_loops_cross
D:2:      layout_basic, moated_statue, serial_bayou_lagoon_b, uniq_natasha
D:3:      layout_basic, chequers_ecumenical_altar_lobes,
          gammafunk_ghost_gnarly_gnolls, grunt_ministairs_2,
          guppyfry_early_orc_mine, uniq_sigmund
D:4:      layout_rooms, led_sif_pool, minmay_temple_entry_sparse_star,
          first_ration

Skill      XL: |  1  2  3  4  5  6  7 |
---------------+----------------------+-----
Dodging        | 4 5 |  5.6
Armour         | 1 2 |  2.7
Fighting       | 3 4 |  4.3
Short Blades   | 5 6 |  6.1
Throwing       | |  2.1

Action                   |  1- 3 |  4- 6 |  7- 9 || total
-------------------------+-------+-------+-------++-------
Melee: Rapier            |   104 |   208 |    26 ||   338
       Dagger            |       |       |    61 ||    61
Throw: Throwing net      |       |     2 |       ||     2
 Stab: Sleeping          |     1 |       |       ||     1
       Held in net/web   |       |     1 |       ||     1
  Eat: Chunk             |     9 |     6 |     6 ||    21
Armor: Leather armour    |    23 |    33 |     9 ||    65
Dodge: Dodged            |    96 |   168 |    52 ||   316

Table legend:
 A = Non-vault XP
 B = Vault XP
 C = Vault XP percentage of total XP
 D = Non-vault monster count
 E = Vault monster count
 F = Vault count percentage of total count
                 A         B        C        D         E       F
            +---------+---------+-------+---------+---------+-------
      Total |     402 |     271 |  40.3 |      70 |      11 |  13.6
            +---------+---------+-------+---------+---------+-------
        D:1 |      44 |       0 |   0.0 |      21 |       0 |   0.0
        D:2 |     156 |      36 |  18.8 |      26 |       1 |   3.7
        D:3 |     101 |     235 |  69.9 |      18 |      10 |  35.7
        D:4 |     101 |       0 |   0.0 |       5 |       0 |   0.0
            +---------+---------+-------+---------+---------+-------
